[ AOE2 MATCH · #505954803 ]
UnrankedLithuanians vs Wu
Player's team · LOSS
Rival team · WIN
[ REPLAY ANALYSIS · EXTRACTED FROM THE RECORDED GAME ]
Feudal
9:23
Castle
19:52
Imperial
—
| APM avg | 67.5 |
| APM peak | 91 |
| eAPM avg | 34.1 |
| Villagers / military | 129 / 91 |
Focus
⚔️ 47.6% · 🌾 52.4%
Knight ×58 · Archer ×9 · Scout Cavalry ×7 · Militia ×5 · Scorpion ×5 · Monk ×3
Feudal
12:30
Castle
21:46
Imperial
—
| APM avg | 60.4 |
| APM peak | 104 |
| eAPM avg | 31.9 |
| Villagers / military | 125 / 74 |
Focus
⚔️ 35.4% · 🌾 64.6%
Spearman ×55 · Skirmisher ×6 · Monk ×5 · Militia ×4 · Scout Cavalry ×4 · Unknown (1944) ×3
Match map
Initial resources + every placement click. Lines = walls · curves = elevation contours. ◆ gold · ⬟ stone · ● berries · ✦ relic · ◌ wall gap
Your base· ✓ Closed at 19:52 · 39t walls · 1 gate(s)
The_Fury's base· ✓ Closed at 21:46 · 63t walls · 2 gate(s)
Smoothed initial terrain · ◌ = detected wall gap · hover for details
Inputs per minute
— Rodrixs - - The_Fury
Build order — Rodrixs
First 150 of 351 actions detected
| 0:01 | Create | Villager (Male) |
| 0:02 | Build | House |
| 0:03 | Build | House |
| 0:13 | Create | Villager (Male) ×5 |
| 1:36 | Create | Villager (Male) |
| 1:58 | Create | Villager (Male) |
| 2:32 | Create | Villager (Male) |
| 2:32 | Create | Villager (Male) |
| 2:32 | Create | Villager (Male) |
| 2:53 | Create | Villager (Male) |
| 3:10 | Build | Barracks |
| 3:31 | Create | Villager (Male) |
| 3:58 | Build | House |
| 4:03 | Create | Militia |
| 4:18 | Create | Militia |
| 4:18 | Create | Militia |
| 4:36 | Create | Villager (Male) |
| 4:49 | Build | House |
| 5:09 | Create | Villager (Male) |
| 5:26 | Create | Villager (Male) |
| 5:55 | Create | Villager (Male) |
| 6:09 | Build | Lumber Camp |
| 6:33 | Research | Loom |
| 7:13 | Research | Feudal Age |
| 7:53 | Create | Villager (Male) |
| 8:08 | Build | House |
| 8:22 | Build | Mill |
| 8:52 | Build | House |
| 9:23 | Age | Feudal Age |
| 9:33 | Build | Archery Range |
| 9:38 | Research | Double-Bit Axe |
| 9:39 | Create | Villager (Male) |
| 9:54 | Build | Mining Camp |
| 9:58 | Create | Villager (Male) |
| 10:08 | Create | Skirmisher |
| 10:13 | Build | House |
| 10:33 | Create | Villager (Male) |
| 10:45 | Build | Farm |
| 10:46 | Build | Farm |
| 10:56 | Create | Villager (Male) |
| 11:02 | Create | Archer |
| 11:02 | Create | Archer |
| 11:05 | Create | Villager (Male) |
| 11:09 | Build | Farm |
| 11:15 | Create | Villager (Male) |
| 11:20 | Build | Palisade Wall |
| 11:22 | Build | Palisade Wall |
| 11:30 | Build | Farm |
| 11:32 | Create | Archer |
| 11:45 | Create | Villager (Male) |
| 12:00 | Build | House |
| 12:03 | Create | Archer |
| 12:09 | Create | Villager (Male) |
| 12:21 | Build | Mill |
| 12:34 | Create | Villager (Male) |
| 12:34 | Create | Archer |
| 12:37 | Build | House |
| 13:15 | Build | House |
| 13:20 | Create | Archer |
| 13:33 | Create | Villager (Male) |
| 13:46 | Build | Blacksmith |
| 13:51 | Create | Archer |
| 13:52 | Create | Villager (Male) |
| 14:04 | Build | Farm |
| 14:06 | Build | Farm |
| 14:18 | Create | Villager (Male) |
| 14:28 | Create | Villager (Male) |
| 14:29 | Build | Farm |
| 14:32 | Build | House |
| 14:32 | Build | Palisade Wall |
| 14:37 | Research | Fletching |
| 14:38 | Create | Militia |
| 14:39 | Create | Militia |
| 14:47 | Create | Villager (Male) |
| 14:51 | Build | Farm |
| 14:53 | Build | Farm |
| 14:55 | Build | Farm |
| 15:01 | Create | Archer |
| 15:03 | Create | Villager (Male) |
| 15:07 | Create | Villager (Male) |
| 15:11 | Build | Palisade Wall |
| 15:32 | Create | Villager (Male) |
| 15:37 | Create | Archer |
| 15:49 | Build | Farm |
| 16:04 | Build | Palisade Gate |
| 16:18 | Build | Palisade Wall |
| 16:51 | Build | Farm |
| 16:51 | Build | Farm |
| 17:12 | Research | Castle Age |
| 17:12 | Research | Castle Age |
| 17:14 | Build | Stable |
| 17:27 | Build | Palisade Wall |
| 17:50 | Build | Lumber Camp |
| 18:26 | Research | Horse Collar |
| 18:26 | Research | Horse Collar |
| 18:35 | Create | Scout Cavalry |
| 18:43 | Build | Palisade Wall |
| 18:53 | Build | House |
| 18:57 | Create | Villager (Male) |
| 19:05 | Create | Scout Cavalry |
| 19:52 | Age | Castle Age |
| 19:54 | Build | Town Center |
| 19:57 | Create | Villager (Male) |
| 19:58 | Build | Monastery |
| 20:02 | Create | Knight |
| 20:19 | Create | Villager (Male) |
| 20:31 | Create | Villager (Male) |
| 20:32 | Research | Bow Saw |
| 20:47 | Create | Villager (Male) |
| 20:48 | Create | Monk |
| 20:53 | Create | Scout Cavalry |
| 20:56 | Build | Farm |
| 20:57 | Build | Farm |
| 21:09 | Create | Villager (Male) |
| 21:09 | Create | Villager (Male) |
| 21:11 | Create | Villager (Male) |
| 21:21 | Create | Monk |
| 21:31 | Create | Villager (Male) |
| 21:36 | Build | Town Center |
| 21:48 | Create | Villager (Male) |
| 21:50 | Build | Farm |
| 21:51 | Build | Farm |
| 21:52 | Build | Farm |
| 21:54 | Create | Scout Cavalry |
| 22:10 | Create | Villager (Male) |
| 22:19 | Build | Farm |
| 22:20 | Build | Farm |
| 22:21 | Create | Villager (Male) |
| 22:37 | Create | Villager (Male) |
| 22:40 | Build | Farm |
| 22:49 | Create | Villager (Male) |
| 22:49 | Create | Villager (Male) |
| 22:53 | Create | Monk |
| 22:59 | Create | Villager (Male) |
| 22:59 | Create | Villager (Male) |
| 23:03 | Build | Farm |
| 23:03 | Build | Farm |
| 23:03 | Build | Farm |
| 23:04 | Build | Farm |
| 23:09 | Create | Villager (Male) |
| 23:17 | Create | Villager (Male) |
| 23:17 | Create | Villager (Male) |
| 23:22 | Create | Villager (Male) |
| 23:28 | Create | Villager (Male) |
| 23:32 | Build | Farm |
| 23:34 | Build | Farm |
| 23:34 | Build | Farm |
| 23:34 | Build | Farm |
| 23:40 | Create | Villager (Male) |
| 23:49 | Create | Villager (Male) |
Build order — The_Fury
First 150 of 350 actions detected
| 0:00 | Create | Villager (Male) |
| 0:01 | Create | Villager (Male) |
| 0:02 | Build | House |
| 0:02 | Create | Villager (Male) |
| 0:02 | Build | Palisade Wall |
| 0:04 | Create | Villager (Male) |
| 0:06 | Build | House |
| 1:05 | Build | Lumber Camp |
| 1:35 | Create | Villager (Male) |
| 1:36 | Create | Villager (Male) |
| 1:55 | Create | Villager (Male) |
| 1:55 | Create | Villager (Male) |
| 2:26 | Create | Villager (Male) |
| 2:26 | Create | Villager (Male) |
| 2:58 | Create | Villager (Male) |
| 2:58 | Create | Villager (Male) |
| 3:27 | Research | Loom |
| 3:36 | Build | Barracks |
| 3:49 | Create | Villager (Male) |
| 4:07 | Build | House |
| 4:17 | Create | Villager (Male) |
| 4:35 | Create | Militia |
| 4:44 | Create | Villager (Male) |
| 4:47 | Build | House |
| 4:51 | Build | House |
| 4:53 | Create | Militia |
| 4:53 | Create | Militia |
| 5:10 | Create | Militia |
| 5:27 | Build | Palisade Wall |
| 5:28 | Build | Palisade Wall |
| 5:45 | Create | Villager (Male) |
| 5:45 | Create | Villager (Male) |
| 5:57 | Create | Villager (Male) |
| 6:13 | Build | Mill |
| 6:20 | Create | Villager (Male) |
| 7:00 | Create | Villager (Male) |
| 7:26 | Create | Villager (Male) |
| 8:07 | Create | Villager (Male) |
| 8:11 | Build | Mill |
| 8:12 | Create | Villager (Male) |
| 8:42 | Create | Villager (Male) |
| 8:49 | Create | Villager (Male) |
| 8:53 | Build | House |
| 8:57 | Build | Palisade Wall |
| 8:59 | Build | Palisade Wall |
| 9:00 | Build | Palisade Wall |
| 9:01 | Build | Palisade Wall |
| 9:05 | Create | Villager (Male) |
| 9:14 | Create | Villager (Male) |
| 9:51 | Create | Villager (Male) |
| 9:54 | Build | Palisade Wall |
| 10:09 | Build | Palisade Wall |
| 10:12 | Research | Feudal Age |
| 10:17 | Build | Lumber Camp |
| 10:43 | Build | Palisade Wall |
| 10:55 | Build | Palisade Wall |
| 10:58 | Build | House |
| 11:36 | Build | Palisade Wall |
| 12:01 | Build | Palisade Gate |
| 12:30 | Age | Feudal Age |
| 12:33 | Create | Villager (Male) |
| 12:34 | Research | Double-Bit Axe |
| 12:34 | Research | Horse Collar |
| 12:35 | Research | Horse Collar |
| 12:51 | Create | Villager (Male) |
| 12:52 | Build | Archery Range |
| 13:03 | Create | Villager (Male) |
| 13:16 | Create | Villager (Male) |
| 13:28 | Create | Villager (Male) |
| 13:33 | Create | Skirmisher |
| 13:36 | Create | Villager (Male) |
| 13:37 | Build | Farm |
| 13:37 | Build | Farm |
| 13:43 | Create | Skirmisher |
| 13:49 | Build | Farm |
| 13:51 | Create | Villager (Male) |
| 13:53 | Build | Farm |
| 14:00 | Create | Villager (Male) |
| 14:08 | Build | Farm |
| 14:10 | Build | Farm |
| 14:11 | Create | Villager (Male) |
| 14:17 | Create | Skirmisher |
| 14:31 | Build | Mining Camp |
| 14:32 | Create | Villager (Male) |
| 14:42 | Create | Skirmisher |
| 14:49 | Create | Villager (Male) |
| 15:00 | Build | Farm |
| 15:17 | Create | Skirmisher |
| 15:18 | Create | Villager (Male) |
| 15:23 | Build | Blacksmith |
| 15:27 | Create | Skirmisher |
| 15:27 | Create | Villager (Male) |
| 15:49 | Build | Farm |
| 15:50 | Create | Villager (Male) |
| 15:52 | Build | Farm |
| 16:01 | Build | House |
| 16:08 | Research | Padded Archer Armor |
| 16:08 | Research | Padded Archer Armor |
| 16:30 | Create | Villager (Male) |
| 16:34 | Build | Palisade Wall |
| 16:39 | Build | Farm |
| 17:07 | Build | House |
| 17:07 | Build | House |
| 17:10 | Build | Farm |
| 17:11 | Build | Farm |
| 17:14 | Build | Farm |
| 17:16 | Create | Villager (Male) |
| 17:18 | Build | House |
| 17:18 | Build | House |
| 17:26 | Build | Market |
| 17:38 | Create | Villager (Male) |
| 17:42 | Build | Farm |
| 17:45 | Build | House |
| 17:48 | Build | House |
| 17:55 | Research | Town Watch |
| 17:59 | Build | Outpost |
| 18:21 | Create | Villager (Male) |
| 19:01 | Build | Outpost |
| 19:06 | Research | Castle Age |
| 19:06 | Research | Castle Age |
| 19:18 | Build | Outpost |
| 19:26 | Build | House |
| 19:27 | Build | House |
| 19:35 | Create | Spearman |
| 20:00 | Create | Spearman |
| 20:10 | Build | Stable |
| 20:29 | Build | Palisade Gate |
| 20:38 | Build | House |
| 20:55 | Create | Spearman |
| 21:01 | Research | Gold Mining |
| 21:01 | Research | Gold Mining |
| 21:03 | Create | Spearman |
| 21:19 | Build | House |
| 21:23 | Create | Scout Cavalry |
| 21:24 | Create | Scout Cavalry |
| 21:24 | Create | Scout Cavalry |
| 21:24 | Create | Scout Cavalry |
| 21:46 | Age | Castle Age |
| 21:49 | Create | Villager (Male) |
| 21:50 | Build | Monastery |
| 21:52 | Create | Villager (Male) |
| 21:53 | Build | Town Center |
| 21:57 | Build | Town Center |
| 22:08 | Research | Bow Saw |
| 22:31 | Create | Villager (Male) |
| 22:35 | Create | Monk |
| 22:36 | Create | Villager (Male) |
| 22:41 | Build | House |
| 22:42 | Build | House |
| 22:43 | Build | House |
Match timeline
| 0:02 | The_Fury · wall_segment Palisade Wall x1 |
| 3:10 | Rodrixs · first_building Barracks |
| 3:36 | The_Fury · first_building Barracks |
| 5:27 | The_Fury · wall_segment Palisade Wall x1 |
| 5:28 | The_Fury · wall_segment Palisade Wall x1 |
| 8:57 | The_Fury · wall_segment Palisade Wall x1 |
| 8:59 | The_Fury · wall_segment Palisade Wall x1 |
| 9:00 | The_Fury · wall_segment Palisade Wall x1 |
| 9:01 | The_Fury · wall_segment Palisade Wall x1 |
| 9:23 | Rodrixs · age_up feudal |
| 9:33 | Rodrixs · first_building Archery Range |
| 9:54 | The_Fury · wall_segment Palisade Wall x6 |
| 10:09 | The_Fury · wall_segment Palisade Wall x10 |
| 10:43 | The_Fury · wall_segment Palisade Wall x6 |
| 10:55 | The_Fury · wall_segment Palisade Wall x13 |
| 11:20 | Rodrixs · wall_segment Palisade Wall x2 |
| 11:22 | Rodrixs · wall_segment Palisade Wall x4 |
| 11:36 | The_Fury · wall_segment Palisade Wall x20 |
| 12:30 | The_Fury · age_up feudal |
| 12:52 | The_Fury · first_building Archery Range |
| 14:32 | Rodrixs · wall_segment Palisade Wall x1 |
| 15:11 | Rodrixs · wall_segment Palisade Wall x12 |
| 16:18 | Rodrixs · wall_segment Palisade Wall x17 |
| 16:34 | The_Fury · wall_segment Palisade Wall x1 |
| 17:14 | Rodrixs · first_building Stable |
| 17:27 | Rodrixs · wall_segment Palisade Wall x2 |
| 18:43 | Rodrixs · wall_segment Palisade Wall x3 |
| 19:52 | Rodrixs · age_up castle |
| 19:58 | Rodrixs · first_building Monastery |
| 20:10 | The_Fury · first_building Stable |
| 21:38 | The_Fury · first_market_buy 100 stone |
| 21:46 | The_Fury · age_up castle |
| 21:50 | The_Fury · first_building Monastery |
| 24:19 | Rodrixs · wall_segment Palisade Wall x1 |
| 26:50 | The_Fury · first_market_sell 100 wood |
| 28:58 | Rodrixs · first_building Siege Workshop |
| 29:26 | Rodrixs · first_market_buy 100 food |
| 30:58 | Rodrixs · first_market_sell 100 food |
| 30:59 | The_Fury · first_building Castle |
| 31:36 | The_Fury · wall_segment Palisade Wall x1 |
| 33:43 | Rodrixs · wall_segment Palisade Wall x1 |
| 34:06 | The_Fury · first_building Siege Workshop |
| 34:42 | Rodrixs · resign |
[ AI ANALYSIS · 1 CREDIT ]
What really happened in this match?
Wolo.gg analyzes every decision: build order, eco, micro, common mistakes by bracket. Personalized analysis on WhatsApp or Discord in 30 seconds.
Civ guide
Lithuanians
Perfil
Rodrixs (Rodrixs)